 Dungeon Crawl Stone Soup version 0.30-b1-2-g02819fbbbe (webtiles) character file.

Game seed: 1339675799082987925

499 nightchill the Ruffian (level 6, -19/55 HPs)
             Began as a Troll Fighter on Sept 16, 2023.
             Was a Follower of Hepliaklqana.
             Killed by an exploding hound (54 damage)
             ... ignited by their inner flame
             ... on level 5 of the Dungeon.
             The game lasted 00:07:11 (2786 turns).

nightchill the Ruffian (Troll Fighter)              Turns: 2786, Time: 00:07:12

Health: -19/55     AC:  6    Str: 27      XL:     6   Next: 94%
Magic:  6/6        EV:  8    Int:  4      God:    Hepliaklqana [*.....]
Gold:   206        SH:  7    Dex:  8 (9)  Spells: 5/5 levels left

rFire   . .          .
                       - Unarmed
rCold   . . .        b - +0 kite shield
rNeg    . . .        a - +0 robe
rPois   .            f - +1 hat
rElec   .            m - +0 cloak
rCorr   .            (gloves unavailable)
SInv    .            (boots unavailable)
Will    .....        (no amulet)
Stlth   +            (no ring)
HPRegen 1.09/turn    (no ring)
MPRegen 0.10/turn

%: no passive effects
@: no status effects
A: reduced essence, large, unfitting armour, claws 3, regeneration 1, shaggy fur
1, tough skin 1
a: Renounce Religion, Recall Ancestor, Ancestor Identity


You were on level 5 of the Dungeon.
You worshipped Hepliaklqana.
Hepliaklqana was aware of your devotion.
You visited 1 branch of the dungeon, and saw 5 of its levels.

You collected 206 gold pieces.

Inventory:

Armour
 a - a +0 robe (worn)
 b - a +0 kite shield (worn)
 f - a +1 hat (worn)
 m - a +0 cloak (worn)
Wands
 p - a wand of flame (13)
Scrolls
 d - a scroll of summoning {unknown}
 g - 3 scrolls of immolation
 i - a scroll of blinking {unknown}
 k - a scroll of poison {unknown}
 r - a scroll of enchant armour {unknown}
 s - a scroll of vulnerability {unknown}
Potions
 c - a potion of might
 h - a potion of curing
 j - a potion of berserk rage
 l - a potion of attraction
 n - a potion of ambrosia
 o - a potion of heal wounds
 q - a potion of lignification


   Skills:
 + Level 4.0 Fighting
 - Level 2.4 Dodging
 - Level 2.6 Shields
 * Level 5.8 Unarmed Combat
 + Level 2.3 Invocations


You had 5 spell levels left.
You didn't know any spells.
Your spell library contained the following spells:

 Spells                   Type           Power      Damage    Failure   Level
 Sting                    Tmut/Pois      0%         1d3       75%         1
 Poisonous Vapours        Pois/Air       0%         N/A       87%         2
 Olgreb's Toxic Radiance  Pois           0%         N/A       100%        4


Dungeon Overview and Level Annotations

Branches:
Dungeon (5/15)             Temple (0/1) D:4

Altars:
Ashenzari
Cheibriados
Dithmenos
Elyvilon
Fedhas
Hepliaklqana
Kikubaaqudgha
Okawaru
Ru
Sif Muna
Trog
Uskayaw
Xom
Yredelemnul

Annotations:
D:5 Eustachio


Innate Abilities, Weirdness & Mutations

Your life essence is reduced to manifest your ancestor. (-10% HP)
You are too large for most types of armour.
You have claws for hands.
Your natural rate of healing is unusually fast.
You are covered in fur. (AC +1)
You have tough skin. (AC +1)


Message History

The shadow imp hits Jimmeh.
Jimmeh is destroyed!
You block the quasit's attack.
The quasit claws you but does no damage.
The quasit claws you. You block the quokka's attack.
Okay, then.
Really read the scroll of immolation?
As you read the scroll of immolation, it crumbles to dust.
The creatures around you are filled with an inner flame!
The crimson imp blinks!
The quasit bites you but does no damage.
You block the quasit's attack.
The quasit claws you but does no damage.
The quokka closely misses you. The quasit attacks as you move away!
You block the quasit's attack.
The quasit claws you but does no damage.
The quasit claws you. The quokka attacks as you move away!
The quokka bites you but does no damage.
The shadow imp disappears in a puff of smoke!
The hound bites you but does no damage. x2
The quasit bites you but does no damage.
The quasit claws you.
You feel clumsy. The quasit closely misses you.
You barely miss the hound.
Eustachio gestures wildly while chanting.
Eustachio blinks!
The hound bites you but does no damage. The quasit barely misses you. x3
You claw the hound!
Flame seeps out of the hound.
The hound is heavily wounded.
The hound is engulfed in blazing flames.
Flame seeps out of the hound.
The hound closely misses you. The quasit barely misses you.
You block the quasit's attack. x2
The hound is engulfed in blazing flames.
The hound explodes!
The fiery explosion engulfs the quokka!!
The quokka's corpse disappears in a puff of smoke!
The fiery explosion engulfs you!!!
Ouch! That really hurt!
You die...

#......# #......#
#......###
#..5......
#..§§...## .!
#r§.@....# ≈≈≈
#§br§..#.. #≈.
#5○##### #≈.# #@§#
≈###≈..##..######
≈≈≈≈≈............
......##.........
≈≈≈≈.##......... ≈
#≈.##......... ≈.≈
#≈............
≈.≈###≈.#.#######.$
≈.≈≈≈≈≈...# ..


You could see Eustachio (inner flame, strong), a quasit (summoned, inner flame),
a crimson imp (summoned, inner flame), a river rat (summoned, inner flame), a
bat (summoned, inner flame) and a rat (summoned, inner flame).

Vanquished Creatures
  A black bear (D:4)
  An ogre (D:4)
  A scorpion (D:4)
  A hound (D:5)
  2 iguanas
  An orc wizard (D:4)
  4 adders
  3 worms
  4 dart slugs
  9 orcs (D:4)
  7 ball pythons
  8 endoplasms
  7 giant cockroaches
  6 goblins
  9 hobgoblins
  9 jackals (D:1)
  6 bats
  6 frilled lizards
  6 kobolds
  7 rats
98 creatures vanquished.

Vanquished Creatures (collateral kills)
  A hound (D:4)
  An orc (D:4)
  A hobgoblin (D:4)
3 creatures vanquished.

Vanquished Creatures (others)
  2 ancestors
2 creatures vanquished.

Grand Total: 103 creatures vanquished

Notes
Turn   | Place    | Note
-------+----------+-------------------------------------------
     0 | D:1      | nightchill the Troll Fighter began the quest for the Orb.
     0 | D:1      | Reached XP level 1. HP: 22/22 MP: 0/0
    93 | D:1      | Reached XP level 2. HP: 29/29 MP: 1/1
   279 | D:1      | Reached skill level 3 in Unarmed Combat
   468 | D:1      | Reached XP level 3. HP: 36/36 MP: 2/2
   768 | D:2      | Reached XP level 4. HP: 43/45 MP: 3/3
  1069 | D:3      | Found a hazy altar of Hepliaklqana.
  1069 | D:3      | Found a basalt altar of Yredelemnul.
  1069 | D:3      | Found a sacrificial altar of Ru.
  1086 | D:3      | Became a worshipper of Hepliaklqana the Forgotten
  1187 | D:3      | Found a blossoming altar of Fedhas.
  1192 | D:3      | Reached skill level 4 in Unarmed Combat
  1410 | D:3      | Found a snail-covered altar of Cheibriados.
  1468 | D:3      | Found a shadowy altar of Dithmenos.
  1490 | D:3      | Reached XP level 5. HP: 53/53 MP: 4/4
  1517 | D:3      | Found a hide-covered altar of Uskayaw.
  1560 | D:3      | Noticed a great orb of eyes
  1567 | D:3      | Found a faded altar of an unknown god.
  1569 | D:3      | Noticed a shining eye
  1569 | D:3      | Noticed a golden eye
  1569 | D:3      | Noticed a shining eye
  1696 | D:3      | Found a glowing silver altar of Zin.
  1699 | D:3      | Found a broken altar of Ashenzari.
  1699 | D:3      | Found a shimmering altar of Xom.
  1701 | D:3      | Found an iron altar of Okawaru.
  1701 | D:3      | Found a bloodstained altar of Trog.
  1701 | D:3      | Found an ancient bone altar of Kikubaaqudgha.
  1738 | D:4      | Reached skill level 1 in Invocations
  1774 | D:4      | Reached * piety under Hepliaklqana
  1858 | D:4      | Noticed a black bear
  1866 | D:4      | Killed a black bear
  1867 | D:4      | Reached skill level 5 in Unarmed Combat
  1867 | D:4      | Reached XP level 6. HP: 49/54 MP: 4/6
  1871 | D:4      | Found a shimmering blue altar of Sif Muna.
  2118 | D:4      | Found a white marble altar of Elyvilon.
  2631 | D:4      | Found a staircase to the Ecumenical Temple.
  2719 | D:5      | Entered Level 5 of the Dungeon
  2765 | D:5      | Noticed Eustachio
  2786 | D:5      | Killed by an exploding hound... ignited by their inner
                  | flame

Illustrated notes

Levels and vault maps discovered:
D:1:      lightli_arrival_chessboard, layout_rooms, minmay_misc_feat_hallway
D:2:      layout_basic, minmay_domino_4
D:3:      layout_basic, mainiacjoe_overflow_alcove_1,
          eat_drink_and_be_merry_uskayaw, mainiacjoe_overflow_24_doors,
          doesnt_xom_only_xom, lemuel_crystal_altar, grunt_temple_overflow_open,
          hellmonk_ecumenical_altar_watching_god
D:4:      layout_loops_corners, overflow_temple_1_default,
          nicolae_sif_muna_condensation, minmay_temple_entry_fiery,
          nicolae_ossuary_entry_plus
D:5:      layout_basic, mainiacjoe_overflow_small_starburst, serial_shops, shop,
          kennysheep_boxes, uniq_eustachio

Skill      XL: |  1  2  3  4  5  6 |
---------------+-------------------+-----
Unarmed Combat | 3 4 5 |  5.8
Fighting       | 3 4 |  4.0
Invocations    | 1 2 |  2.3
Dodging        | |  2.4
Shields        | |  2.6

Action                     |  1- 3 |  4- 6 || total
---------------------------+-------+-------++-------
  Melee: Unarmed           |   116 |   148 ||   264
 Invoke: Ancestor Identity |       |     1 ||     1
         Recall Ancestor   |       |     1 ||     1
    Use: Scroll            |       |     8 ||     8
         Potion            |       |     1 ||     1
 Armour: Robe              |    58 |    64 ||   122
  Dodge: Dodged            |    62 |    79 ||   141
  Block: Kite shield       |    60 |    68 ||   128
